[Event "ESP-chT Honor Division 2022"]
[Site "Linares"]
[Date "2022.09.21"]
[Round "5.16"]
[White "Suarez Garcia, Carlos"]
[Black "Arizmendi Martinez, Julen Luis"]
[Result "0-1"]
[ECO "D30"]
[WhiteElo "2455"]
[BlackElo "2488"]
[Annotator "TA"]
[PlyCount "64"]
[EventDate "2022.09.17"]
[EventType "team-tourn"]
[EventCountry "ESP"]
[SourceTitle "playchess.com"]
[Source "ChessBase"]
[SourceQuality "1"]
[TimeControl "5400+30"]

1. d4 d5 2. c4 e6 3. Nf3 Nf6 4. e3 a6 5. b3 c5 6. cxd5 {[%emt 0:02:04] D30: Queen's Gambit Declined: Systems without Nc3.} exd5 (6... Nxd5 {seems wilder.} 7. dxc5 Bxc5 8. Bb2 O-O) 7. Be2 cxd4 8. Nxd4 {[%emt 0:01:40] The position is equal.} Bb4+ 9. Bd2 Bd6 10. O-O O-O 11. Nc3 Nc6 12. Nxc6 bxc6 13. Bf3 Qe7 {[%emt 0:07:26] [#]} 14. g3 $146 ({Predecessor:} 14. Ne2 Ne4 15. Ng3 Nxd2 16. Qxd2 a5 17. Rac1 Bd7 18. e4 Bxg3 19. hxg3 dxe4 20. Bxe4 Qxe4 21. Qxd7 {½-½ (33) Ali Marandi,C (2524)-Raja,H (2482) Saint Louis 2022}) 14... Bf5 15. Na4 Rac8 16. Ba5 Ne4 17. Bg2 Qe6 18. Qe2 h5 19. Nc3 ({Avoid the trap} 19. Qxh5 $2 Bg4 20. Qh4 Be7 21. Qxg4 Qxg4 $19) 19... Nf6 20. Rad1 h4 21. Rd4 hxg3 22. hxg3 Ng4 23. Rc1 Be5 24. Ra4 d4 $1 25. Nd1 Qh6 26. Rc5 {[%emt 0:03:19] [#]} Rfe8 ({Resist} 26... d3 27. Qf3 Qh2+ 28. Kf1 $11) ({Black should play} 26... Qh2+ $1 $17 27. Kf1 {[#]} Nf6 $1 28. Rxe5 Bh3) 27. e4 $2 {[%emt 0:00:43][%mdl 8192] This move loses the game for White.} (27. Kf1 Qd6 28. Rxe5 Qxe5 $19) (27. Rxd4 $11 Bxd4 28. Rxf5) 27... Bd7 $19 {[%emt 0:00:40] aiming for ...Qh2+.} 28. Bd2 $2 (28. Kf1) 28... Qh2+ 29. Kf1 Nf6 {[%emt 0:01:26] And now ...Bh3 would win.} 30. f4 (30. f3 $142 Bxg3 31. Nf2) 30... Bd6 31. Rg5 {[%emt 0:00:42] [#]} Nxe4 $1 32. Bxe4 (32. Qxe4 Rxe4) 32... Bh3+ {[%emt 0:00:06] Weighted Error Value: White=0.84/Black=0.25 (precise)} 0-1

[Event "ESP-chT Honor Division 2022"]
[Site "Linares"]
[Date "2022.09.21"]
[Round "5.17"]
[White "Macias Pino, Diego"]
[Black "Trigo Urquijo, Sergio"]
[Result "0-1"]
[ECO "B12"]
[WhiteElo "2381"]
[BlackElo "2402"]
[Annotator "TA"]
[PlyCount "136"]
[EventDate "2022.09.17"]
[EventType "team-tourn"]
[EventCountry "ESP"]
[SourceTitle "playchess.com"]
[Source "ChessBase"]
[SourceQuality "1"]
[TimeControl "5400+30"]

1. e4 c6 2. d4 d5 3. e5 Bf5 4. h4 h5 5. Bd3 Bxd3 6. Qxd3 {[%emt 0:00:06][%cal Oe5e6] B12: Caro-Kann: Advance Variation.} Qa5+ 7. Nd2 {[%emt 0:00:43][%cal Oe5e6] Hoping for e6!} e6 8. c4 {[%emt 0:01:05] The position is equal.} Nh6 9. Ngf3 Nf5 10. O-O Be7 11. g3 Qa6 12. Qc2 Nd7 13. b3 b6 14. Bb2 Rc8 15. Rac1 {[%emt 0:03:12] Black must now prevent cxd5.} O-O {[%emt 0:01:05] [#]} 16. a3 $146 ({Predecessor:} 16. Rfe1 g6 17. Qb1 Qb7 18. cxd5 cxd5 19. Qd3 b5 20. Nf1 b4 21. Re2 Rxc1 22. Bxc1 Rc8 23. Rc2 Rc6 {½-½ (23) Isha,S (1927)-Tarini,G (2090) Kankarbagh 2017}) 16... Qb7 17. Qd3 c5 18. cxd5 Qxd5 19. Qa6 Qa8 {[%emt 0:06:51] Black is more active.} 20. Rfe1 Rfd8 21. Kh2 cxd4 (21... Rb8 {keeps more tension.} 22. Qe2 cxd4 23. Nxd4 Nxe5 24. Nxf5 Ng4+) 22. b4 (22. Rxc8 $17 Qxc8 23. Qxc8 Rxc8 24. Nxd4) 22... Rxc1 $19 23. Rxc1 Qb8 (23... Qd5 $19 {and Black stays clearly on top.} 24. Qe2 a5 25. bxa5 bxa5) 24. Qe2 Nf8 (24... a5 $17 25. Qb5 Nf8) 25. Qe4 d3 26. Rc3 a5 27. b5 (27. Rb3 $17) 27... Rd5 28. Rxd3 Rxb5 29. Nc4 Qc7 30. Kg2 Rc5 31. Ne3 Nxe3+ 32. Qxe3 Qc6 33. Bd4 Rd5 34. Rc3 Bc5 35. Bxc5 Rxc5 (35... bxc5 $19 36. Qe4 Nd7) 36. Rd3 $17 Rd5 {[%emt 0:03:45] Against Rd6} (36... Nd7 {feels hotter.} 37. Rd6 Qb7 38. Qd3 Rd5) 37. Rc3 Qb7 38. Qc1 ({White should play} 38. Qe4) 38... Rxe5 $1 39. Kg1 (39. Rc7 $17 Qd5 40. Qc6) 39... Rc5 $19 40. Rxc5 bxc5 {[%emt 0:00:06][%mdl 4096] Endgame KQN-KQN} 41. Qc3 Qd5 42. Nd2 a4 43. Qc2 Nd7 {[%emt 0:01:54] And now ...Ne5 would win.} 44. Nc4 Qc6 45. Qd1 g6 46. Qc2 Qb5 47. Qe4 Nf6 48. Qf4 Nd5 49. Qxf7+ (49. Qc1) 49... Kxf7 50. Nd6+ Kf6 51. Nxb5 {[%emt 0:00:02] KN-KN} Ke5 {[%emt 0:02:17] ...Ke4 is the strong threat.} 52. Kf1 Nb6 53. Ke2 Kd5 54. Kd3 c4+ 55. Kd2 e5 56. f3 Kc5 57. Nc3 Kd4 (57... Nd5 $1 $19 {[%cal Rd5c3] ( -> ...Nxc3)} 58. Nxa4+ Kd4) 58. Ne2+ $11 Kc5 $2 (58... Kd5 $11) 59. Nc3 $19 Nd5 $1 60. Ne2 {[%emt 0:01:56] [#]} (60. Nxa4+ Kd4 61. Kc2) 60... Nc7 $1 61. Nc3 {[%emt 0:00:48] [#]} Nb5 $1 {[%emt 0:00:22] Threatens to win with ...Nxc3.} 62. Nxa4+ Kd4 63. Nb6 Nxa3 64. Nd7 c3+ 65. Kc1 Nc4 66. Nf8 Nd2 {[%emt 0:00:30] Black mates.} 67. Kc2 Nxf3 68. Ne6+ Kc4 {[%emt 0:00:12] Weighted Error Value: White=0.38/Black=0.30} 0-1

[Event "ESP-chT Honor Division 2022"]
[Site "Linares"]
[Date "2022.09.21"]
[Round "5.18"]
[White "Ambartsumova, Karina"]
[Black "Garcia Martin, Marta"]
[Result "1/2-1/2"]
[ECO "D35"]
[WhiteElo "2386"]
[BlackElo "2325"]
[Annotator "TA"]
[PlyCount "110"]
[EventDate "2022.09.17"]
[EventType "team-tourn"]
[EventCountry "ESP"]
[SourceTitle "playchess.com"]
[Source "ChessBase"]
[SourceQuality "1"]
[TimeControl "5400+30"]

1. d4 Nf6 2. c4 e6 3. Nc3 d5 4. cxd5 exd5 5. Bg5 c6 6. e3 Be7 7. Bd3 Nbd7 8. Qc2 Nh5 9. Bxe7 Qxe7 10. Nge2 g6 11. h3 {[%emt 0:06:43] D36: Queen's Gambit Declined: Exchange Variation: Main line (5 Bg5 c6 6 Qc2).} Nb6 12. O-O-O Ng7 {[%emt 0:03:43] 12...Bd7 is not played anymore.} 13. g4 Bd7 14. Nf4 Ne6 15. Rhe1 {[%emt 0:01:54] [#]} O-O $146 ({Predecessor:} 15... g5 16. Nfe2 h6 17. Ng3 O-O-O 18. Nf5 Qf6 19. Qb3 Ng7 20. Nxg7 Qxg7 21. a4 Na8 {1-0 (28) Bojicic,A (2166)-Nikolic,M (1555) Kragujevac 2017}) 16. Nxe6 Bxe6 17. f4 f5 18. g5 h5 (18... Nc4 $11 {keeps the balance.}) 19. gxh6 $16 {[%emt 0:01:31] White is more active.} Kh7 20. Ne2 Rac8 21. Kb1 c5 22. dxc5 Rxc5 23. Qd2 Nc4 24. Bxc4 dxc4 {[%emt 0:00:04] [#]} 25. Qd6 {[%emt 0:09:03] Prevents Bd5.} ({White should play} 25. Rg1 $1 $16) 25... Re8 $11 26. Qxe7+ Rxe7 27. Rd6 Rd5 28. Rxd5 Bxd5 {[%emt 0:00:04][%mdl 4096] Endgame KRB-KRN} 29. Nd4 Kxh6 30. Kc2 Kg7 31. Rg1 {[%emt 0:00:52] [#] Strongly threatening Nxf5+.} Kf6 32. Rg3 Rd7 33. Kc3 Rd6 34. Nb5 Rd8 35. Nxa7 Ra8 36. Nb5 Rxa2 37. Rg1 Ra5 38. Kb4 Ra2 39. Kc3 Ra5 40. Na3 Ra8 41. Rd1 Be6 42. Kb4 Rh8 {[%emt 0:00:17] The position is equal.} 43. Nxc4 Rxh3 {[%emt 0:00:36] aiming for ...Bxc4.} 44. Rd6 Ke7 {[%emt 0:00:33] Threatens to win with ...Bxc4.} 45. Rb6 Bxc4 46. Kxc4 {[%emt 0:00:05] Kd4 is the strong threat.} Rxe3 47. Rxg6 {[%emt 0:00:42] KR-KR} Re4+ 48. Kc5 Rxf4 49. Rg7+ Ke6 50. Rxb7 Rf1 51. b4 f4 {[%emt 0:00:25] White must now prevent ...f3.} 52. Rb8 f3 53. Rf8 f2 54. Kb6 Rb1 55. Rxf2 Rxb4+ {[%emt 0:00:03] Weighted Error Value: White=0.06 (flawless) /Black=0.04 (flawless)} 1/2-1/2

[Event "ESP-chT Honor Division 2022"]
[Site "Linares"]
[Date "2022.09.21"]
[Round "5.19"]
[White "Cheparinov, Ivan"]
[Black "Gines Esteo, Pedro Antonio"]
[Result "1-0"]
[ECO "E06"]
[WhiteElo "2686"]
[BlackElo "2505"]
[Annotator "TA"]
[PlyCount "129"]
[EventDate "2022.09.17"]
[EventType "team-tourn"]
[EventCountry "ESP"]
[SourceTitle "playchess.com"]
[Source "ChessBase"]
[SourceQuality "1"]
[TimeControl "5400+30"]

1. d4 Nf6 2. c4 e6 3. Nf3 d5 4. g3 Be7 5. Bg2 O-O 6. Nc3 dxc4 7. Ne5 c5 8. dxc5 Qxd1+ 9. Nxd1 {[%emt 0:00:18] E06: Closed Catalan: Early deviations.} Bxc5 10. Nc3 Nc6 11. Nxc4 {[%emt 0:01:48] The position is equal.} Bd7 {[%emt 0:03:54] [#]} (11... Nd5 $11) 12. Be3 $146 (12. O-O $14) ({Predecessor:} 12. O-O Rfd8 13. Rd1 Be8 14. Bf4 Rac8 15. Nd6 Bxd6 16. Bxd6 Na5 17. Bb4 Nc6 18. Ba3 Na5 19. Rxd8 Rxd8 20. b3 Bc6 {1-0 (54) Wang,Y (2690)-Kryvoruchko,Y (2689) Riadh 2017}) 12... Bxe3 $11 13. Nxe3 Ne7 14. g4 h6 15. h4 g5 16. hxg5 hxg5 17. Bxb7 Rab8 18. Ne4 $1 $36 {[%emt 0:00:35][%mdl 2048] Black is under pressure.} Ne8 19. Nc5 {[%emt 0:02:26] White is much more active.} Rxb7 20. Nxb7 $16 Bc6 21. Rh5 Bxb7 22. Rxg5+ Ng6 23. Rb5 Nd6 24. Rb4 {[%emt 0:00:03] Threatens to win with Rd1.} Ne7 25. Rd1 Nd5 26. Nxd5 exd5 27. f3 Re8 28. Kf2 Re6 29. Rc1 Re7 {[%emt 0:05:09] Against Rc7} 30. Rd4 Nb5 31. Rb4 Nd6 32. Rc5 Kf8 33. Rd4 Ne8 34. Ra5 a6 35. Rb4 Ng7 36. Ra3 Ne6 37. Rab3 Bc6 38. Rc3 Bb7 39. e3 Ke8 40. Kg3 Kd8 41. f4 Rd7 42. Rb6 Ke7 43. f5 Ng5 44. f6+ Kd8 45. Kf4 Nh3+ 46. Kg3 Ng5 {[%emt 0:00:01] White must now prevent ...Ne4+.} 47. Rc2 a5 (47... Ne4+ $16 {might work better.} 48. Kf4 Rc7) 48. Kf4 $2 (48. a4 $1 $18) 48... Nh3+ $1 $14 49. Kg3 $2 (49. Ke5 $14) 49... Ng5 $18 {[%emt 0:00:01] [#] White stays focused until the end.} 50. a4 $1 Rc7 {[%emt 0:00:46] [#]} 51. Rh2 {[%emt 0:00:35] Hoping for Kf4.} Bc6 $2 (51... Ne4+ {was worth a try.} 52. Kf4 Rd7) 52. Kf4 Ne4 53. g5 Nc5 (53... Bxa4 $2 54. Rh8+ Kd7 55. g6 fxg6 56. Rh7+ Kc8 57. f7 Rxf7+ 58. Rxf7) (53... Kd7 $142 54. g6 Rc8) 54. Rh8+ Kd7 55. Ke5 {[%emt 0:00:54][%cal Og5g6] Strongly threatening g6!} Nd3+ 56. Kf5 Bxa4 (56... Kd6 $142 57. Rd8+ Kc5) 57. Rf8 Bc2 58. Rxf7+ Kc8 59. Rf8+ (59. g6 $142 Nc5+ 60. Kg5 Bxg6 61. Rf8+ Kd7 62. Kxg6) 59... Kd7 60. Rf7+ (60. g6 $142 Nb4+ 61. Kg5 Bxg6 62. Kxg6) 60... Kc8 61. Rxc7+ {[%emt 0:00:02] White is clearly winning.} Kxc7 62. f7 Nc5+ 63. Kf6 {[%emt 0:00:51] Ke7 is the strong threat.} Kxb6 64. Ke7 d4 65. exd4 {[%emt 0:00:16] Weighted Error Value: White=0.35/Black=0.19 (very precise)} 1-0

[Event "ESP-chT Honor Division 2022"]
[Site "Linares"]
[Date "2022.09.21"]
[Round "5.20"]
[White "Ayats Llobera, Gerard"]
[Black "Santos Latasa, Jaime"]
[Result "1/2-1/2"]
[ECO "B90"]
[WhiteElo "2451"]
[BlackElo "2680"]
[Annotator "TA"]
[PlyCount "83"]
[EventDate "2022.09.17"]
[EventType "team-tourn"]
[EventCountry "ESP"]
[SourceTitle "playchess.com"]
[Source "ChessBase"]
[SourceQuality "1"]
[TimeControl "5400+30"]

1. e4 c5 2. Nf3 d6 3. d4 cxd4 4. Nxd4 Nf6 5. Nc3 a6 6. Be3 e5 7. Nb3 Be7 8. f3 Be6 9. Qd2 O-O 10. O-O-O Nbd7 11. g4 b5 12. g5 Nh5 $1 {[%mdl 4] is currently scoring better than 12...b4.} 13. Nd5 Bxd5 {B90: Sicilian Najdorf: Unusual White 6th moves, 6 Be3 Ng4 and 6 Be3 e5.} 14. exd5 f6 15. gxf6 Bxf6 {The position is equal.} 16. Na5 Nf4 17. Nc6 Qc7 18. Bd3 Nb6 (18... Nxd3+ $142 19. Qxd3 Nb8) 19. Bxb6 Qxb6 20. Be4 {[#]} (20. Qb4 $1 $11) 20... Bh4 $146 ({Better is} 20... Nh3 $1 $15 21. Qb4 Qc7) ({Predecessor:} 20... Nh3 21. Qb4 Nf2 22. Qxd6 Qe3+ 23. Kb1 Nxd1 24. Qe6+ Kh8 25. Rxd1 Qe2 26. Rc1 Qxh2 {1-0 (52) Robson,R (2670)-Bok,B (2640) chess24.com INT 2020}) 21. Kb1 $11 a5 22. Rhf1 b4 23. c3 bxc3 24. Qxc3 Kh8 25. a4 Nh5 26. Qa3 Qc7 27. Qd3 Nf6 28. Rc1 (28. f4 $5 Nxe4 29. Qxe4 exf4 30. Rxf4 Rxf4 31. Qxf4 $14) 28... Bg5 29. Rc2 {[%cal Oc6d4] aiming for Nd4!} Qb6 {Prevents Nd4.} 30. Ka2 Rf7 31. Rb1 Rb7 32. Rc3 ({White should try} 32. Qa3 $1 $14) 32... Bf4 33. h3 ({But not} 33. Rb3 Qxb3+ 34. Qxb3 Rxb3 35. Kxb3 Bxh2 $15) 33... Qf2 $132 {[%mdl 2048] Black has counterplay} 34. Rb3 Rxb3 35. Qxb3 Nxe4 36. fxe4 Qe2 37. Qb7 {[%cal Rb7a8] [#]} Rg8 38. Qb5 Qxe4 39. Nxa5 Ra8 40. Nc4 h6 {[#]} (40... Qc2 $11) 41. b3 (41. Qc6 $1 $16 Rf8 42. b3 (42. Nxd6 Qd3 $14)) 41... Be3 $2 (41... Rc8 $11 {and Black stays safe.}) 42. Qc6 {Weighted Error Value: White=0.16 (very precise) /Black=0.27 (precise)} (42. Nxd6 $18 Qg2+ 43. Rb2 Qxh3 44. Qd3) 1/2-1/2

[Event "ESP-chT Honor Division 2022"]
[Site "Linares"]
[Date "2022.09.21"]
[Round "5.21"]
[White "Pichot, Alan"]
[Black "Martinez Fernandez, Adrian"]
[Result "1-0"]
[ECO "B50"]
[WhiteElo "2641"]
[BlackElo "2338"]
[Annotator "TA"]
[PlyCount "115"]
[EventDate "2022.09.17"]
[EventType "team-tourn"]
[EventCountry "ESP"]
[SourceTitle "playchess.com"]
[Source "ChessBase"]
[SourceQuality "1"]
[TimeControl "5400+30"]

1. e4 c5 2. Nf3 d6 3. Nc3 Nc6 4. d4 cxd4 5. Nxd4 g6 6. Nd5 (6. Be3 $14) 6... e6 {[%emt 0:11:09] B34: Sicilian: Accelerated Dragon with 5 Nc3: sidelines.} 7. Nc3 Nf6 8. Be2 a6 {[%emt 0:00:57] White is slightly better.} 9. O-O Bg7 10. Bg5 {[%emt 0:08:13] [#] aiming for Nxc6.} Bd7 $146 ({Predecessor:} 10... Qc7 11. Nb3 O-O 12. a4 b6 13. Qd2 Bb7 14. Rad1 Ne8 15. f4 Ne7 16. Nd4 h6 {1-0 (33) Tal,M-Parma,B Moscow 1971}) 11. Nb3 Qc7 12. Qd2 Rd8 13. Qf4 Ke7 14. Qd2 h6 15. Be3 b5 16. a3 Bc8 17. Rad1 Kf8 18. Nd4 Kg8 19. Nxc6 Qxc6 20. e5 Ne8 21. f4 Bb7 22. Bf3 {[%emt 0:01:50][%cal Be2f3,Bf3e4,Be4d3][%mdl 32] Active counter play!} Qc7 23. Ne4 Bxe4 24. Bxe4 d5 25. Bd3 Bf8 26. Qf2 (26. g4 $16) 26... Rc8 (26... h5 $1 $11) 27. g4 $36 {[%emt 0:01:33][%cal Bg2g4,Bg4f5][%mdl 2080] Keeping Black busy.} Bc5 {[%emt 0:02:22] [#] This move loses the game for Black.} (27... Ng7 $16 {might work better.}) 28. f5 $1 $18 gxf5 $2 (28... exf5 {is a better defense.} 29. gxf5 g5) 29. gxf5 Bxe3 30. Qxe3 Qc5 31. Qxc5 Rxc5 32. fxe6 fxe6 33. Rf3 {[%emt 0:00:07] Black must now prevent Rdf1.} Rh7 (33... Ng7 $142 34. Rf6 h5) 34. Bxh7+ {[%emt 0:03:04] White is clearly winning.} Kxh7 35. Rc3 Rxc3 36. bxc3 {[%emt 0:00:05][%mdl 4096] Endgame KR-KN} Ng7 37. Kf2 Kg6 38. Rg1+ Kf7 39. Ke3 Nf5+ 40. Kd3 h5 (40... Ne7 $142 41. Rf1+ Nf5) 41. a4 bxa4 42. Ra1 Ne7 43. Ke3 Kg6 44. Kf4 Kh6 45. Rxa4 Ng6+ 46. Ke3 Kg5 47. c4 {[%emt 0:00:47] cxd5 is the strong threat.} Nxe5 48. c5 (48. cxd5 $142 exd5 49. Kd4) 48... a5 49. h4+ Kf6 50. Ra1 Ke7 (50... Nc6 $142 51. Rg1 Ne5) 51. Kf4 Nc4 52. Kg5 e5 53. Kxh5 {[%emt 0:00:21] And now Kg5 would win.} d4 54. Kg5 {[%emt 0:00:52] Threatens to win with h5.} e4 55. Kf4 d3 56. Kxe4 dxc2 57. Kd3 Na3 58. h5 {[%emt 0:00:48] Weighted Error Value: White=0.24 (precise) /Black=0.35} 1-0

[Event "ESP-chT Honor Division 2022"]
[Site "Linares"]
[Date "2022.09.21"]
[Round "5.22"]
[White "Jimenez Ruano, Adrian"]
[Black "Stefanova, Antoaneta"]
[Result "0-1"]
[ECO "D45"]
[WhiteElo "2264"]
[BlackElo "2472"]
[Annotator "TA"]
[PlyCount "55"]
[EventDate "2022.09.17"]
[EventType "team-tourn"]
[EventCountry "ESP"]
[SourceTitle "playchess.com"]
[Source "ChessBase"]
[SourceQuality "1"]
[TimeControl "5400+30"]

1. d4 d5 2. c4 e6 3. Nc3 c6 4. e3 Nf6 5. Nf3 Nbd7 6. Qc2 Bd6 7. b3 O-O 8. Be2 b6 9. O-O Bb7 10. Bb2 Re8 {[%emt 0:06:03] D45: Semi-Slav: 5 e3.} 11. Rfe1 Rc8 12. Rad1 Qe7 {[%emt 0:02:46] The position is equal.} 13. Bf1 c5 {[%emt 0:05:16] [#]} 14. Nb5 $146 ({Predecessor:} 14. cxd5 Nxd5 15. Nxd5 Bxd5 16. Qe2 c4 17. e4 c3 18. exd5 cxb2 19. Qxb2 Bb4 20. Re3 {0-1 (39) Gurevich,D (2363)-Abdrlauf,E (2455) Chess.com INT 2022}) 14... Bb8 15. dxc5 Nxc5 16. cxd5 Bxd5 17. Qe2 Nce4 18. h3 {[%emt 0:09:34] Prevents Ng4.} a6 19. Nbd4 e5 {[%emt 0:04:40] Black has more active pieces.} (19... b5 $17 20. Rc1 Qd6) 20. Nf5 $11 Qe6 21. g4 (21. N3h4 $1 $11 {keeps the balance.}) 21... h5 $17 22. Nh2 {[%emt 0:09:57] [#]} (22. N3h4 $142) 22... hxg4 $1 23. hxg4 g6 $36 {[%emt 0:00:03][%mdl 2048] Black is on the roll.} 24. Nh4 Nc3 $2 (24... Bd6 $19 {White must now prevent ...Bb4.} 25. f3 Ng5) 25. Bxc3 $11 Rxc3 26. Qd2 (26. g5 $1 $11 {remains equal.} Ne4 27. f3 Nxg5 28. Qg2) 26... Rc5 $17 {[%emt 0:11:18] [#] Hoping for ...e4.} 27. b4 $2 (27. f3 $17 {was the only defense.}) 27... Ne4 $19 28. Qd3 {[%emt 0:01:11] Weighted Error Value: White=0.37/Black=0.19 (very precise)} 0-1

[Event "ESP-chT Honor Division 2022"]
[Site "Linares"]
[Date "2022.09.21"]
[Round "5.23"]
[White "Garrido Outon, Alex"]
[Black "Rodriguez Redondo, Adhara"]
[Result "1/2-1/2"]
[ECO "C78"]
[WhiteElo "2411"]
[BlackElo "2112"]
[Annotator "TA"]
[PlyCount "81"]
[EventDate "2022.09.17"]
[EventType "team-tourn"]
[EventCountry "ESP"]
[SourceTitle "playchess.com"]
[Source "ChessBase"]
[SourceQuality "1"]
[TimeControl "5400+30"]

1. e4 e5 2. Nf3 Nc6 3. Bb5 a6 4. Ba4 Nf6 5. O-O Bc5 6. c3 O-O 7. d4 Ba7 8. Bg5 {[%emt 0:00:50][%cal Bc1g5,Bg5h4,Bh4g3,Bg3h2][%mdl 32] C78: Ruy Lopez: Archangelsk and Möller Defences.} h6 9. Bh4 exd4 10. Re1 {[%emt 0:01:25] And now e5 would win. White is slightly better.} d6 11. Bxc6 bxc6 (11... dxc3 $1 $11 12. Nxc3 (12. Bxf6 Qxf6 13. Nxc3 bxc6 $17) 12... bxc6) 12. cxd4 ({Better is} 12. Nxd4 $14 Bd7 13. Nd2) 12... Bg4 $11 {[%emt 0:04:18] [#]} 13. Nc3 $146 ({Predecessor:} 13. Qa4 Bxf3 14. gxf3 Qb8 15. Nd2 Qb5 16. Qxb5 axb5 17. Nb3 c5 18. dxc5 dxc5 19. Red1 {½-½ (48) Alekseev,E (2645)-Nozdrachev,V (2481) Yaroslavl 2019}) 13... g5 14. Bg3 Nh5 15. Qd3 Qf6 16. Rad1 Qg6 (16... Rfb8 $11) 17. h3 (17. Qxa6 $16 Bd7 18. Qc4) 17... Bd7 $14 18. Bh2 Rfe8 19. b3 Bb6 20. a3 Ng7 21. Na4 Reb8 ({Black should try} 21... Ba7 $11) 22. Qc3 Ba7 23. e5 Nf5 {[%emt 0:03:13] [#]} (23... h5 $11) 24. Qd3 {[%emt 0:04:10] White is more active.} ({White should play} 24. d5 $1 $16 ) 24... Be6 $1 $11 25. b4 d5 26. Qc3 h5 {[%emt 0:00:36][%cal Bh6h5,Bh5g4][%mdl 32] White must now prevent ...g4.} 27. Rd3 (27. Qxc6 $2 g4 28. hxg4 hxg4 $19) (27. Kh1 $11 {remains equal.}) 27... g4 $17 28. hxg4 hxg4 29. Nd2 Kg7 $1 $36 {[%emt 0:00:54][%mdl 2048] Black has strong initiative.} 30. Nf1 Rh8 31. Nc5 (31. Red1 $142) 31... Bxc5 32. Qxc5 Rh5 {[%emt 0:00:44] aiming for ...Rah8.} 33. Qc1 {[%emt 0:00:07] [#]} Ne7 (33... Rah8 $1 $19 {Threatens to win with ...Qh7.} 34. Qd2 (34. Qxc6 $2 Rxh2 35. Nxh2 Qh7 $19) 34... g3 35. fxg3 Nh6) 34. Rc3 Rah8 35. Qf4 Qh6 {[%emt 0:00:42] Inhibits Qf6+.} (35... Kf8 $17 {...Rh4 is the strong threat.} 36. Rc5 R8h6) 36. Qf6+ Kf8 37. Qxh6+ R5xh6 38. f4 {[%emt 0:00:59] The position is equal.} Ke8 39. Bg3 Kd7 40. Kf2 Rh1 41. Ne3 {[%emt 0:02:01] Weighted Error Value: White=0.24 (precise) /Black=0.21 (precise)} 1/2-1/2

[Event "ESP-chT Honor Division 2022"]
[Site "Linares"]
[Date "2022.09.21"]
[Round "5.24"]
[White "Cano Sevilla, Ivan"]
[Black "Moreno Tejera, Emilio"]
[Result "1/2-1/2"]
[ECO "B76"]
[WhiteElo "2076"]
[BlackElo "2411"]
[Annotator "TA"]
[PlyCount "79"]
[EventDate "2022.09.17"]
[EventType "team-tourn"]
[EventCountry "ESP"]
[SourceTitle "playchess.com"]
[Source "ChessBase"]
[SourceQuality "1"]
[TimeControl "5400+30"]

1. e4 c5 2. Nf3 d6 3. d4 cxd4 4. Nxd4 Nf6 5. Nc3 g6 6. Be3 Bg7 7. f3 O-O 8. Qd2 Nc6 9. O-O-O d5 10. exd5 Nxd5 11. Nxc6 bxc6 12. Bd4 Bxd4 13. Qxd4 Qc7 {[%emt 0:00:25] B76: Sicilian Dragon: Yugoslav Attack, 9 g4 and 9 0-0-0.} 14. h4 ({Much weaker is} 14. Nxd5 cxd5 15. Kb1 Rd8 $11) 14... Be6 {[%emt 0:25:24] [#]} 15. h5 $146 ({Predecessor:} 15. Nxd5 Bxd5 16. h5 Rab8 17. hxg6 fxg6 18. Bc4 e6 19. Rh4 Qb6 20. Qxb6 axb6 21. b3 {½-½ (43) Guedez,A (2295)-Tirado Veliz,H Caracas 1999}) 15... Qf4+ {[%emt 0:10:54] White is slightly better.} 16. Qxf4 Nxf4 17. hxg6 hxg6 18. g3 (18. Ne4 $16) 18... Nd5 19. Ne4 Ne3 20. Re1 Nxf1 21. Rhxf1 Rad8 22. Ng5 Bc4 23. Rf2 Rd7 (23... Rfe8 $142) 24. b3 f6 {[%emt 0:00:14] [#]} 25. Ne4 $1 Bf7 26. Rfe2 Rdd8 (26... Rc8 $1 $14) 27. f4 $16 Rfe8 {[%emt 0:00:48] [#]} 28. c4 $1 Kf8 (28... Rd3 $16 {was worth a try.} 29. Nxf6+ exf6 30. Rxe8+ Bxe8) 29. Kc2 Rd7 30. Nc5 Rd6 (30... Rc7 $142 31. g4 Kg7) 31. Kc3 $18 Bg8 32. g4 Bf7 33. Nb7 $2 (33. g5 $18) 33... Rd7 $14 34. Nc5 {[%emt 0:00:02] White is more active.} (34. Na5 $1 $14) 34... Rd6 $1 $18 35. a3 Bg8 36. Na6 Rd7 37. Nc5 Rd6 38. Nb7 $2 (38. g5 $18) 38... Rd7 $14 39. Nc5 (39. Na5 $1 $14) 39... Rd6 $1 $18 40. Nb7 $2 {Weighted Error Value: White=0.48/Black=0.20 (precise)} ({Better is} 40. g5 $18) 1/2-1/2